Unix NetHack Version 5.0.0-0 post-release - last build May 10 2026 23:12:36 (d1fa5d53e341ca933230fdaa984d921c805b60aa,branch:main).

Game began 2026-05-11 22:40:26, ended 2026-05-11 22:46:44.

Eesui, chaotic male human Rogue

                      ---
                      ..--
  --      ---         ...|
 --. --  --.----     ....|
 |..... --...|.---  -(...--
 |.......<.......---.....>---
 --- ------.................|
          -.......d.G.......--
        -...--.....@G........|
       |...........G.........-
       --.....................-
        --.......................
         ---.......................|
           --......................|
            --..............(....---
             --....................
              -.........^.......----
              ...|.|.........--..|
              ..------.---.---  .|
             ----     --  --    --
Eesui the Footpad       St:11 Dx:18 Co:17 In:10 Wi:11 Ch:9  Chaotic
Dlvl:3  $:111 HP:0(18) Pw:9(9) AC:7  Xp:2/38 T:1186 

Latest messages:
 You miss the jackal.
 You hit the jackal.
 The jackal bites!
 You miss the jackal.
 You kill the jackal!
 A - a brown potion.
 You see here a jackal corpse.
 There is a jackal corpse here; eat it? [ynq] (n)
 This jackal corpse tastes okay.
 You finish eating the jackal corpse.
 You descend the stairs.
 You swap places with your little dog.
 A board beneath the gnome squeaks a C note loudly.
 The gnome lord picks up a wand.
 In what direction?
 You throw 2 daggers.
 The 1st dagger misses the gnome.
 The 2nd dagger hits the gnome.
 In what direction?
 You throw 2 daggers.
 The 1st dagger hits the gnome.
 You kill the gnome!
 h - a +0 dagger (at the ready) (4 in total).
 You see here a gnome corpse.
 h - 3 +0 daggers (at the ready) (7 in total).
 Your little dog eats a gnome corpse.
 In what direction?
 You throw 2 daggers.
 The 1st dagger hits the gnome lord.
 The 2nd dagger hits the gnome lord.
 In what direction?
 The dagger hits the gnome lord.
 The gnome lord hits!
 In what direction?
 The dagger hits the gnome lord.
 The gnome hits!
 In what direction?
 The dagger hits the gnome lord.
 The gnome lord just misses!
 In what direction?
 The dagger hits the gnome lord.
 The gnome hits!
 In what direction?
 The dagger hits the gnome lord.
 The gnome hits!
 The gnome lord hits!
 You die...
 Do you want your possessions identified? [ynq] (y)
 Do you want to see your attributes? [ynq] (y)
 Do you want an account of creatures vanquished? [ynaq] (y)

Inventory:
 Coins    ('$')
  $ - 111 gold pieces
 Amulets  ('"')
  t - an uncursed amulet of magical breathing (being worn)
 Weapons  (')')
  x - a +0 sling
  q - a +0 dagger (wielded in left hand)
  a - a +0 short sword (wielded in right hand)
 Armor    ('[')
  c - an uncursed +1 leather armor (being worn)
 Comestibles  ('%')
  m - an uncursed slime mold
  p - an uncursed candy bar labeled "Nilla Crunchie"
  o - an uncursed cram ration
 Potions  ('!')
  A - an uncursed potion of healing
  d - an uncursed potion of sickness
 Tools    ('(')
  f - an uncursed sack containing 1 item
  g - an uncursed blindfold
  z - a can of grease (0:16)
  e - an uncursed lock pick
  n - an uncursed magic whistle
  w - an uncursed towel
 Gems/Stones  ('*')
  y - 5 uncursed rocks

Contents of the sack:
  an uncursed scroll of remove curse

Eesui the Rogue's attributes:

Background:
 You were a Footpad, a level 2 male human Rogue.
 You were chaotic, nominally on a mission for Kos
 who was opposed by Issek (lawful) and Mog (neutral).
 You were right-handed.
 You were in the Gnomish Mines, on level 3.
 You entered the dungeon 1186 turns ago.
 It was nighttime.
 You had 38 experience points, 2 more were needed to attain level 3.

Basics:
 You had 0 out of 18 hit points.
 You had all 9 energy points (spell power).
 Your armor class was 7.
 Your wallet contained 111 zorkmids.
 Autopickup was on for '$?!/=+"' plus thrown.

Final Characteristics:
 Your strength was 11 (limit:18/100).
 Your dexterity was 18 (limit:18).
 Your constitution was 17 (limit:18).
 Your intelligence was 10 (limit:18).
 Your wisdom was 11 (limit:18).
 Your charisma was 9 (limit:18).

Final Status:
 You weren't hungry.
 You were unencumbered.
 You were wielding two weapons at once.
 Your skill in short sword was limited by being unskilled with two weapons.
 Your skill in dagger was also limited by being unskilled with two weapons.

Final Attributes:
 You were devoutly aligned.
 You were stealthy.
 You could survive without air.
 You were warded.
 You are dead.

Miscellaneous:
 You disabled loading and storing of bones levels.
 Total elapsed playing time was 6 minutes and 17 seconds.

Major events:
 Turn
    1: Eesui the chaotic male human Rogue entered the dungeon
 1166: entered the Gnomish Mines
 1186: killed by a gnome lord

You didn't know any spells.

Skills:
 Fighting Skills
   bare handed combat [Unskilled]
   two weapon combat  [Unskilled]
   riding             [Unskilled]
 Weapon Skills
   dagger             [Basic]
   knife              [Unskilled]
   short sword        [Basic]
   broadsword         [Unskilled]
   long sword         [Unskilled]
   two-handed sword   [Unskilled]
   saber              [Unskilled]
   club               [Unskilled]
   mace               [Unskilled]
   morning star       [Unskilled]
   flail              [Unskilled]
   hammer             [Unskilled]
   polearms           [Unskilled]
   spear              [Unskilled]
   crossbow           [Unskilled]
   dart               [Unskilled]
   shuriken           [Unskilled]
 Spellcasting Skills
   divination spells  [Unskilled]
   escape spells      [Unskilled]
   matter spells      [Unskilled]

Voluntary challenges:
 Character rerolling was not enabled.
 You were an atheist.
 You were illiterate.
 You never genocided any monsters.
 You never polymorphed an object.
 You never changed form.
 You used no wishes.
Achievements:
 You entered a shop.
 You entered the Gnomish Mines.

 The Dungeons of Doom: levels 1 to 2
    Level 1:
       A fountain.
    Level 2:
       A general store, a fountain, many trees.
       Stairs down to The Gnomish Mines.
 The Gnomish Mines:
    Level 3: <- You were here.
       Final resting place for
          you, killed by a gnome lord.


Vanquished creatures:
  2 wood nymphs
  a hobbit
  a yellow mold
  a gnome
  7 jackals
  2 foxes
  3 kobolds
  a lichen
  a kobold zombie
  7 newts
26 creatures vanquished.

No species were genocided or became extinct.

Game over:
                       ----------
                      /          \
                     /    REST    \
                    /      IN      \
                   /     PEACE      \
                  /                  \
                  |      Eesui       |
                  |      111 Au      |
                  |   killed by a    |
                  |    gnome lord    |
                  |                  |
                  |                  |
                  |       2026       |
                 *|     *  *  *      | *
        _________)/\\_//(\/(/\)/\//\/|_)_______

Goodbye Eesui the Rogue...

You died in The Gnomish Mines on dungeon level 3 with 352 points,
and 111 pieces of gold, after 1186 moves.
You were level 2 with a maximum of 18 hit points when you died.

